AoeStats
← schmeno

Arena

509733269Analyzed
2v2 RM · 5d ago on Sep 27, 2026· 44m 28s· 4 players
Game mode
Random Map
Map size
Medium (4 player)
Population
200
Speed
Normal
Resources
Standard
Victory
Conquest
Starting age
Dark Age
Ending age
Imperial Age
RankedLock teamsTeams togetherTeam positionsShared explorationLock speedFull tech treeHidden civsTurbo modeCheats
Victory
Defeat
🇺🇸 Saxons · United States
1155
+15
🇺🇸 Saxons · United States
1007
+21
🇦🇷 Bohemians · Argentina
1239
-23
🇦🇷 Spanish · Argentina
996
-34
schmeno
10:17 Feudal Age
14:07 Castle Age
12:27 Double-Bit Axe
13:11 Horse Collar
15:20 Bow Saw
16:53 Loom
19:33 Sanctity
19:20 Town Watch
21:24 Wheelbarrow
22:03 Stone Mining
23:04 Gold Mining
27:09 Imperial Age
24:38 Fletching
25:33 Bodkin Arrow
25:39 Crossbowman
26:21 Padded Archer Armor
26:59 Ballistics
27:08 Thumb Ring
27:22 Leather Archer Armor
28:18 Bracer
29:39 Chemistry
29:33 Guard Tower
30:09 Block Printing
32:06 Redemption
31:33 Arbalester
32:59 Keep
33:39 Illumination
34:06 Arrowslits
34:18 Murder Holes
34:34 Masonry
35:05 Clerical Recruitment
36:06 Conscription
36:26 Theocracy
35:59 Atonement
38:26 Siege Engineers
42:31 Gold Shaft Mining
Simon Nelson Cook
10:39 Feudal Age
14:55 Castle Age
13:05 Double-Bit Axe
13:27 Horse Collar
14:00 Fletching
14:50 Loom
15:54 Scale Mail Armor
17:27 Bow Saw
19:22 Redemption
25:30 Bodkin Arrow
31:59 Crossbowman
38:48 Imperial Age
36:42 Padded Archer Armor
37:39 Clerical Recruitment
41:35 Forging
42:41 Scale Barding Armor
Chanchis_Khan
7:37 Loom
10:14 Feudal Age
15:10 Castle Age
13:37 Padded Archer Armor
14:07 Stone Mining
16:41 Gold Mining
23:04 Devotion
33:31 Imperial Age
32:50 Fortified Wall
34:54 Double-Bit Axe
34:57 Cavalier
36:34 Husbandry
36:51 Bloodlines
38:58 Husbandry
Alejandro Manco
10:12 Feudal Age
14:10 Castle Age
14:05 Double-Bit Axe
17:50 Bow Saw
18:31 Loom
20:02 Town Watch
23:24 Devotion
27:03 Wheelbarrow
32:42 Imperial Age
30:36 Scale Mail Armor
30:45 Horse Collar
33:12 Hand Cart
34:45 Chemistry
35:05 Masonry
35:50 Pikeman
37:47 Squires
39:11 Conscription
40:49 Halberdier
42:01 Wagenburg Tactics
Connection lost

Rejoining the realm…

Still unreachable

The connection could not be restored.

Session expired

The server has moved on; the page needs a fresh start.